 Dungeon Crawl Stone Soup version 0.31-a0-1-g4198be8af4 (webtiles) character file.

Game seed: 17132978008170246424

1676 benadryl the Grappler (level 8, -2/74 HPs)
             Began as a Troll Fighter on May 2, 2023.
             Was a Follower of Okawaru.
             Slain by an orc
             ... wielding a +0 trident
              (6 damage)
             ... on level 6 of the Dungeon.
             The game lasted 00:07:03 (4642 turns).

benadryl the Grappler (Troll Fighter)               Turns: 4642, Time: 00:07:03

Health: -2/74      AC:  4    Str: 27    XL:     8   Next: 70%
Magic:  0/7        EV:  9    Int:  4    God:    Okawaru [*.....]
Gold:   257        SH:  8    Dex:  9    Spells: 7/7 levels left

rFire   . .          .
                       - Unarmed
rCold   + . .        b - +0 kite shield
rNeg    . . .        a - +0 robe
rPois   .            (helmet restricted)
rElec   .            (no cloak)
rCorr   +            (gloves unavailable)
SInv    .            (boots unavailable)
Will    .....        d - amulet of guardian spirit
Stlth   +            q - ring of protection from cold
HPRegen 1.12/turn    s - ring of resist corrosion
MPRegen 0.10/turn

%: guardian spirit
@: no status effects
A: large, unfitting armour, claws 3, regeneration 1, shaggy fur 1, tough skin 1
a: Renounce Religion, Heroism


You were on level 6 of the Dungeon.
You worshipped Okawaru.
Okawaru was aware of your devotion.
You visited 2 branches of the dungeon, and saw 7 of its levels.
You also visited: Ossuary.

You collected 257 gold pieces.

Inventory:

Hand Weapons
 y - a +0 giant club
Missiles
 h - 6 javelins (quivered)
 z - 3 throwing nets
Armour
 a - a +0 robe (worn)
 b - a +0 kite shield (worn)
Jewellery
 d - an amulet of guardian spirit (around neck)
 q - a ring of protection from cold (left claw)
 s - a ring of resist corrosion (right claw)
Wands
 B - a wand of polymorph (3)
Scrolls
 i - 3 scrolls of enchant weapon
 j - 10 scrolls of identify {unknown}
 l - 4 scrolls of poison {unknown}
 o - a scroll of fog {unknown}
 p - a scroll of torment {unknown}
 t - 2 scrolls of vulnerability {unknown}
 u - a scroll of immolation {unknown}
 v - a scroll of blinking {unknown}
 x - a scroll of enchant armour {unknown}
 A - a scroll of magic mapping {unknown}
Potions
 c - 2 potions of might
 e - 2 potions of flight {unknown}
 f - 3 potions of curing {unknown}
 g - 2 potions of resistance {unknown}
 k - 2 potions of attraction {unknown}
 m - 2 potions of ambrosia {unknown}
 n - a potion of invisibility
 r - a potion of brilliance {unknown}
 w - 3 potions of degeneration {unknown}


   Skills:
 - Level 2.4 Fighting
 - Level 2.4 Dodging
 * Level 5.6 Shields
 - Level 10.0 Unarmed Combat


You had 7 spell levels left.
You didn't know any spells.
Your spell library contained the following spells:

 Spells                   Type           Power      Damage    Failure   Level
 Kiss of Death            Conj/Necr      0%         2d5       71%         1
 Blink                    Tloc           0%         N/A       85%         2
 Lesser Beckoning         Tloc           0%         N/A       85%         2
 Momentum Strike          Conj/Tloc      0%         3d8       85%         2
 Static Discharge         Conj/Air       0%         2-2/arc   85%         2
 Confusing Touch          Hex            0%         N/A       97%         3
 Airstrike                Air            0%         2d(0-16)  100%        4
 Dispel Undead            Necr           0%         3d6       100%        4
 Summon Lightning Spire   Summ/Air       Unusable   N/A       N/A         4

Dungeon Overview and Level Annotations

Branches:
Dungeon (6/15)             Temple (1/1) D:5         Ossuary (visited)

Altars:
Ashenzari
Cheibriados
Elyvilon
Fedhas
Gozag
Hepliaklqana
Makhleb
Okawaru
Ru
Sif Muna
Uskayaw
Vehumet
Wu Jian
Xom
Zin

Shops:
D:2 *

Annotations:
D:4 3 runed translucent doors, backslashecho's ghost, novice DEVM


Innate Abilities, Weirdness & Mutations

You are too large for most types of armour.
You have claws for hands.
Your natural rate of healing is unusually fast.
You are covered in fur. (AC +1)
You have tough skin. (AC +1)


Message History

You scratch the orc priest but do no damage.
The orc priest is lightly wounded.
The orc closely misses you.
The orc hits you from afar with a +0 trident.
You block the orc's attack.
You closely miss the orc priest.
The orc priest is lightly wounded.
You block the orc's attack. The orc closely misses you.
The orc priest looks braver for a moment.
You block the orc's attack.
You closely miss the orc priest.
The orc priest is lightly wounded.
You block the orc's attack.
The orc hits you from afar with a +0 trident!
The orc priest calls down the wrath of Beogh upon you.
You struggle to resist.
You block the orc's attack.
You scratch the orc priest but do no damage.
The orc priest is lightly wounded.
You block the orc's attack.
The orc hits you from afar with a +0 trident.
The orc priest invokes the aid of Beogh against you.
Pain shoots through your body!
* * * LOW HITPOINT WARNING * * *
You block the orc's attack.
You scratch the orc priest but do no damage.
The orc priest is lightly wounded.
The orc hits you with a +0 hand axe.
* * * LOW HITPOINT WARNING * * *
You block the orc's attack.
The orc priest calls down the wrath of Beogh upon you.
Pain shoots through your body!
* * * LOW HITPOINT WARNING * * *
The orc hits you from afar with a +0 trident.
* * * LOW HITPOINT WARNING * * *
You closely miss the orc priest.
The orc priest is lightly wounded.
The orc barely misses you. You block the orc's attack.
You block the orc priest's attack.
The orc hits you from afar with a +0 trident!
You die...

.# #........# .. .#
#.......#######.#######
.. ......... #........
... ##......# #........
........# ##........
......... #...######
#...o.o# #...#
#.)....######...#
+#o@o....'...#
...........<##...#
............##...#
............##...#
............##...#
..................
..........######+##
..........# ......


You could see an orc priest and 3 orcs.

Vanquished Creatures
  Grinder (D:5)
  2 wraiths (Ossuary)
  2 water moccasins
  An ogre (D:5)
  A bullfrog (D:6)
  2 scorpions
  2 wights (Ossuary)
  A howler monkey (D:4)
  A centaur zombie (Ossuary)
  4 jellies
  A gnoll bouda (D:4)
  A hound (D:6)
  Natasha (thrice) (D:2)
  2 iguanas (D:5)
  Robin (D:2)
  5 adders
  7 gnolls
  A white imp (D:4)
  2 ufetubi (D:5)
  2 adder zombies (Ossuary)
  2 worms (D:2)
  3 dart slugs
  An orc (D:5)
  5 bats
  10 endoplasms
  3 giant cockroaches
  11 goblins
  8 hobgoblins
  A jackal (D:2)
  3 quokkas
  6 ball pythons
  2 ball python skeletons (Ossuary)
  3 frilled lizards
  A hobgoblin skeleton (Ossuary)
  A hobgoblin zombie (Ossuary)
  6 kobolds
  A kobold zombie (Ossuary)
  An orc zombie (Ossuary)
  4 rats (D:1)
114 creatures vanquished.

Vanquished Creatures (others)
  2 plants (D:6)
2 creatures vanquished.

Grand Total: 116 creatures vanquished

Notes
Turn   | Place    | Note
-------+----------+-------------------------------------------
     0 | D:1      | benadryl the Troll Fighter began the quest for the Orb.
     0 | D:1      | Reached XP level 1. HP: 22/22 MP: 0/0
   345 | D:1      | Reached XP level 2. HP: 25/29 MP: 1/1
   433 | D:1      | Reached skill level 3 in Unarmed Combat
   876 | D:2      | Found an opulent altar of Gozag.
   907 | D:2      | Reached XP level 3. HP: 35/36 MP: 2/2
   908 | D:2      | Found Roulib's Assorted Antiques.
   913 | D:2      | Noticed Natasha
   925 | D:2      | Killed Natasha
   926 | D:2      | Reached skill level 4 in Unarmed Combat
  1019 | D:2      | Noticed Robin
  1037 | D:2      | Reached XP level 4. HP: 44/44 MP: 3/3
  1048 | D:2      | Noticed Natasha
  1059 | D:2      | Killed Natasha
  1077 | D:2      | Killed Robin
  1110 | D:2      | Reached skill level 5 in Unarmed Combat
  1275 | D:2      | Noticed Natasha
  1283 | D:2      | Killed Natasha
  1284 | D:2      | Reached XP level 5. HP: 35/50 MP: 1/4
  2521 | D:4      | Reached skill level 6 in Unarmed Combat
  2699 | D:4      | Found a blossoming altar of Fedhas.
  2716 | D:4      | Reached XP level 6. HP: 51/59 MP: 5/5
  2757 | D:4      | Noticed backslashecho's ghost (novice DEVM)
  2769 | D:4      | Found a runed translucent gate.
  2769 | D:4      | Found a runed translucent gate.
  2769 | D:4      | Found a runed translucent gate.
  3482 | D:5      | Entered Level 5 of the Dungeon
  3482 | D:5      | Found a staircase to the Ecumenical Temple.
  3482 | D:5      | Found a sand-covered staircase.
  3500 | D:5      | Noticed Grinder
  3509 | Ossuary  | Entered an ossuary
  3566 | Ossuary  | Reached skill level 7 in Unarmed Combat
  3632 | Ossuary  | Noticed a flying skull
  3632 | Ossuary  | Noticed a wraith
  3646 | Ossuary  | Noticed a wraith
  3657 | Ossuary  | Killed a wraith
  3658 | Ossuary  | Reached XP level 7. HP: 49/66 MP: 3/6
  3677 | Ossuary  | Noticed a flying skull
  3685 | Ossuary  | Reached skill level 8 in Unarmed Combat
  3726 | Ossuary  | Noticed a wraith
  3735 | Ossuary  | Killed a wraith
  3757 | Ossuary  | Noticed a flying skull
  3766 | Ossuary  | Noticed a flying skull
  3843 | D:5      | Reached skill level 9 in Unarmed Combat
  3871 | D:5      | Killed Grinder
  3872 | D:5      | Reached XP level 8. HP: 55/74 MP: 5/7
  3939 | Temple   | Entered the Ecumenical Temple
  4020 | Temple   | Became a worshipper of Warmaster Okawaru
  4073 | D:5      | Reached skill level 10 in Unarmed Combat
  4228 | D:5      | Found a shimmering altar of Xom.
  4271 | D:5      | Found a hide-covered altar of Uskayaw.
  4620 | D:6      | Reached * piety under Okawaru
  4621 | D:6      | Reached skill level 5 in Shields
  4641 | D:6      | HP: 3/74 [orc/+0 trident (6)]
  4642 | D:6      | Slain by an orc

Illustrated notes

Levels and vault maps discovered:
D:1:      dpeg_arrival_tiny_a, layout_basic, glass_columns_c,
          serial_bayou_ford_a, serial_bayou_pond_e
D:2:      layout_basic, basic_altar, serial_shops, shop,
          kennysheep_generic_room_5, uniq_natasha, uniq_robin
D:3:      layout_basic
D:4:      minmay_general_purpose_star, layout_loops_ring,
          mainiacjoe_overflow_paths, gammafunk_ghost_icy,
          kennysheep_pointless_box, minmay_misc_feat_plants
D:5:      layout_rooms, nicolae_uskayaw_murder_on_the_dancefloor,
          dk_xom_monty_hall, temple_statues,
          lightli_ossuary_entry_decrepit_ruins, uniq_grinder
D:6:      layout_basic, mainiacjoe_overflow_chevrons,
          nicolae_qazlal_general_emergency, minmay_pentangle
Temple:   nicolae_temple_x_marks_the_god

Skill      XL: |  1  2  3  4  5  6  7  8 |
---------------+-------------------------+-----
Unarmed Combat | 3 4 5 6 7 9 10 | 10.0
Shields        | 5 |  5.6
Fighting       | |  2.4
Dodging        | |  2.4

Action                     |  1- 3 |  4- 6 |  7- 9 || total
---------------------------+-------+-------+-------++-------
  Melee: Unarmed           |    56 |   174 |   102 ||   332
  Throw: Javelin           |       |     6 |       ||     6
    Use: Scroll            |     2 |     1 |       ||     3
   Stab: Sleeping          |     2 |       |     1 ||     3
         Distracted        |       |       |     1 ||     1
 Armour: Robe              |    13 |    34 |    23 ||    70
  Dodge: Dodged            |    14 |    51 |    50 ||   115
  Block: Kite shield       |    19 |    57 |    70 ||   146

Table legend: (Time is in decaauts)
 A = Elapsed time spent in this place.
 B = Non-inter-level travel time spent in this place.
 C = Inter-level travel time spent in this place.
 D = Time resting spent in this place.
 E = Time spent auto-exploring this place.
 F = Levels seen in this place.
 G = Mean time per level.
                   A        B        C        D        E       F      G
               +--------+--------+--------+--------+--------+-----+--------+
         Total |   4701 |   4491 |    210 |    312 |   3023 |   8 |  587.6 |
       Dungeon |   4241 |   4038 |    203 |    266 |   2966 |   6 |  706.8 |
        Temple |     88 |     81 |      7 |      0 |      0 |   1 |   88.0 |
       Ossuary |    370 |    370 |      0 |     46 |     57 |   1 |  370.0 |
               +--------+--------+--------+--------+--------+-----+--------+

Top non-repeatable levels by time:
     D:4: 1061 daAuts
     D:3: 855 daAuts
     D:2: 848 daAuts
     D:1: 741 daAuts
     D:5: 591 daAuts
 Ossuary: 370 daAuts
     D:6: 143 daAuts
  Temple: 88 daAuts
